 Dungeon Crawl Stone Soup version 0.30-a0-476-g330ca2eb8e (webtiles) character file.

Game seed: 15773791071904758812

44 shoemetal68 the Grave Robber (level 3, -2/27 HPs)
             Began as a Ghoul Necromancer on Dec 21, 2022.
             Slain by an adder (3 damage)
             ... on level 3 of the Dungeon.
             The game lasted 00:15:11 (1754 turns).

shoemetal68 the Grave Robber (Ghoul Necromancer)    Turns: 1754, Time: 00:15:12

Health: -2/27      AC:  6    Str: 17    XL:     3   Next: 62%
Magic:  5/5        EV: 11    Int: 12    God:
Gold:   65         SH:  0    Dex:  9    Spells: 2/6 levels left

rFire   . . .      SeeInvis .    (no weapon)
rCold   + . .      Faith    .    (no shield)
rNeg    + + +      Spirit   .    e - +0 ring mail
rPois   ∞          Reflect  .    g - +0 helmet
rElec   .          Harm     .    (no cloak)
rCorr   .          Rampage  .    (no gloves)
Will    .....                    (no boots)
Stlth   +.........               (no amulet)
HPRegen 0.00/turn                c - +6 ring of strength
MPRegen 0.09/turn                d - ring of poison resistance

@: attractive, inhibited regen
A: claws 1, cold resistance 1, negative energy resistance 3, inhibited
regeneration, torment resistance 2, devour on kill
a: no special abilities


You were on level 3 of the Dungeon.
You visited 1 branch of the dungeon, and saw 3 of its levels.

You collected 65 gold pieces.

Inventory:

Missiles
 k - 2 poisoned darts (quivered)
Armour
 a - a +0 robe
 e - a +0 ring mail (worn)
 g - a +0 helmet (worn)
Jewellery
 c - a +6 ring of strength (left claw)
 d - a ring of poison resistance (right claw)
Scrolls
 i - a scroll of teleportation {unknown}
 l - 2 scrolls of identify {unknown}
 m - a scroll of blinking {unknown}
 n - 3 scrolls of fear {unknown}
 o - a scroll of summoning {unknown}
Potions
 b - a potion of magic
 f - 3 potions of curing {unknown}
 h - 2 potions of mutation {unknown}
 j - a potion of attraction


   Skills:
 + Level 0.4 Fighting
 + Level 0.4 Armour
 + Level 2.1 Dodging
 + Level 2.2 Stealth
 + Level 0.7 Unarmed Combat
 + Level 2.1 Spellcasting
 + Level 4.5 Necromancy


You had 2 spell levels left.
You knew the following spells:

 Your Spells              Type           Power      Damage    Failure   Level
a - Necrotise             Necr           48%        1d6       8%          1
b - Vampiric Draining     Necr           12%        2d6       22%         3

Your spell library contained the following spells:

 Spells                   Type           Power      Damage    Failure   Level
 Animate Dead             Necr           12%        N/A       58%         4
 Frozen Ramparts          Ice            2%         1d1       83%         3
 Agony                    Necr           12%        N/A       91%         5
 Summon Ice Beast         Ice/Summ       1%         N/A       99%         4
 Ice Form                 Ice/Tmut       Unusable   N/A       N/A         4

Dungeon Overview and Level Annotations

Branches:
Dungeon (3/15)

Altars:

Shops:
D:2 !


Innate Abilities, Weirdness & Mutations

You are immune to poison.
You have sharp fingernails.
Your flesh is cold resistant. (rC+)
You are immune to negative energy. (rN+++)
You do not regenerate when monsters are visible.
You are immune to unholy pain and torment.
You thrive by killing the living.


Message History

The adder completely misses you.
You hear some strange, mumbled words.
You are confused.
The orc hits you with a +0 dagger.
You completely miss something. The adder barely misses you. Something hits you.
The orc closely misses you. x2
You scratch the orc but do no damage. The adder bites you but does no damage.
The adder bites you. Something completely misses you.
The orc hits you but does no damage. The orc barely misses you.
You bump into the rock wall.
The adder closely misses you. Something hits you.
* * * LOW HITPOINT WARNING * * *
The orc barely misses you. The orc hits you but does no damage.
You are too injured to fight recklessly!
You throw a poisoned dart. The adder completely misses you.
Something hits you but does no damage. The orc closely misses you.
The orc hits you with a +0 dagger.
* * * LOW HITPOINT WARNING * * *
You throw a poisoned dart. The poisoned dart misses the adder.
You feel less confused. The adder bites you but does no damage.
The adder barely misses you. Something hits you but does no damage.
The orc hits you but does no damage. The orc hits you with a +0 dagger.
* * * LOW HITPOINT WARNING * * *
Something hits you but does no damage. The adder closely misses you.
The adder attacks as you move away! The adder closely misses you.
The orc closely misses you. The adder barely misses you.
A ball python comes into view.
The adder bites you but does no damage.
The ball python moves out of view.
The adder attacks as you move away! The adder misses you.
An orc wizard appears from thin air!
Reactivating autopickup.
The adder bites you.
* * * LOW HITPOINT WARNING * * *
The adder closely misses you. The orc wizard is attracted toward you.
The adder attacks as you move away! The adder barely misses you.
The adder closely misses you. The adder attacks as you move away!
The adder misses you. The adder attacks as you move away! The adder bites you.
You die...

########.#.#.####
##...# ##.## #.#
#.##### ## #o##..
.. #######.##.# .#
........##.####..#
#######..oooS@...#
####.####.## #.#
.# #.# .# ..# .#
##. .# . . .


You could see an orc wizard, an adder and 2 orcs.

Vanquished Creatures
  A dart slug (D:2)
  5 bats
  2 endoplasms
  5 goblins
  3 hobgoblins
  8 jackals (D:1)
  A ball python (D:1)
  2 frilled lizards
  4 kobolds (D:2)
  4 rats
35 creatures vanquished.

Vanquished Creatures (collateral kills)
  A hobgoblin (D:1)
  A jackal (D:1)
  A quokka (D:1)
3 creatures vanquished.

Vanquished Creatures (others)
  A fungus (D:1)
  3 plants (D:1)
  A withered plant (D:1)
5 creatures vanquished.

Grand Total: 43 creatures vanquished

Notes
Turn   | Place    | Note
-------+----------+-------------------------------------------
     0 | D:1      | shoemetal68 the Ghoul Necromancer began the quest for the
                  | Orb.
     0 | D:1      | Reached XP level 1. HP: 14/14 MP: 2/2
   136 | D:1      | Found a faded altar of an unknown god.
   185 | D:1      | Reached XP level 2. HP: 14/20 MP: 3/3
   853 | D:1      | Reached XP level 3. HP: 17/26 MP: 5/5
  1258 | D:2      | Learned a level 3 spell: Vampiric Draining
  1333 | D:2      | Found Caodauda's Distillery.
  1748 | D:3      | HP: 1/27 [adder (3)]
  1754 | D:3      | Slain by an adder

Illustrated notes

Levels and vault maps discovered:
D:1:      lightli_arrival_statuegarden, layout_loops_cross,
          shapermc_ecumenical_altar_gd
D:2:      layout_loops_ring, serial_shops, shop
D:3:      layout_loops_ring, lemuel_round_altar, minivault_11, minivault_19,
          minivault_14

Skill      XL: |  1  2 |
---------------+-------+-----
Dodging        | 2 |  2.1
Spellcasting   | 2 |  2.1
Fighting       | |  0.4
Armour         | |  0.4
Stealth        | |  2.2
Unarmed Combat | |  0.7
Necromancy     | |  4.5

Action                   || total
-------------------------++-------
Melee: Unarmed           ||   163
       Punch             ||     1
Throw: Dart              ||     2
 Cast: Necrotise         ||    21
  Use: Potion            ||     1
 Stab: Sleeping          ||     1
Armor: Ring mail         ||   101
       Robe              ||     1
Dodge: Dodged            ||   184

Table legend: (Time is in decaauts)
 A = Elapsed time spent in this place.
 B = Non-inter-level travel time spent in this place.
 C = Inter-level travel time spent in this place.
 D = Time resting spent in this place.
 E = Time spent auto-exploring this place.
 F = Levels seen in this place.
 G = Mean time per level.
                   A        B        C        D        E       F      G
               +--------+--------+--------+--------+--------+-----+--------+
         Total |   1753 |   1685 |     68 |      0 |      0 |   3 |  584.3 |
       Dungeon |   1753 |   1685 |     68 |      0 |      0 |   3 |  584.3 |
               +--------+--------+--------+--------+--------+-----+--------+

Top non-repeatable levels by time:
     D:1: 954 daAuts
     D:2: 749 daAuts
     D:3: 49 daAuts
